 Dungeon Crawl Stone Soup version 0.31.0-32-g396128a36d (webtiles) character file.

Game seed: 6208782652518654102

1416 PriceMaster the Firebug (level 8, -3/43 (51) HPs)
             Began as an Octopode Fire Elementalist on Apr 25, 2024.
             Was a Believer of Sif Muna.
             Slain by Jeremiah
             ... wielding a +3 trident of draining
              (16 damage)
             ... on level 6 of the Dungeon.
             The game lasted 00:07:39 (6503 turns).

PriceMaster the Firebug (OpFE)                      Turns: 6503, Time: 00:07:40

HP:   -3/43 (51)    AC:  1    Str:  7    XL:     8   Next: 71%
MP:   1/16          EV: 14    Int: 19    God:    Sif Muna [**....]
Gold: 172           SH:  0    Dex: 13    Spells: 7/17 levels left

rFire   . . .        j - +3 dagger (elec)
rCold   . . .        (no shield)
rNeg    . . .        (helmet restricted)
rPois   .            (no amulet)
rElec   .            (no ring)
rCorr   .            (no ring)
SInv    .            (no ring)
Will    .....        (no ring)
Stlth   ++++         (no ring)
HPRegen 0.27/turn    (no ring)
MPRegen 0.15/turn    (no ring)
                     (no ring)

%: no passive effects
@: very slightly contaminated, heavily drained
A: almost no armour, amphibious, 8 rings, camouflage 1, gelatinous body 1,
(nimble swimmer 1), tentacles
a: Renounce Religion, Channel Magic


You were on level 6 of the Dungeon.
You worshipped Sif Muna.
Sif Muna was pleased with you.
You visited 1 branch of the dungeon, and saw 6 of its levels.

You collected 172 gold pieces.

Inventory:

Hand Weapons
 i - a +4 spear
 j - a +3 dagger of electrocution (weapon)
 p - a +0 spear
Missiles
 e - a throwing net
Jewellery
 f - a ring of poison resistance
 r - a ring of protection from fire
Wands
 n - a wand of digging (6)
Scrolls
 c - 5 scrolls of identify {unknown}
 d - a scroll of enchant armour {unknown}
 g - a scroll of vulnerability {unknown}
 h - a scroll of noise {unknown}
 l - a scroll of amnesia {unknown}
 o - a scroll of teleportation {unknown}
 s - a scroll of torment {unknown}
 t - a scroll of brand weapon {unknown}
Potions
 a - a potion of resistance {unknown}
 b - a potion of berserk rage {unknown}
 k - a potion of haste
 m - 2 potions of attraction {unknown}
 q - a potion of enlightenment {unknown}


   Skills:
 * Level 2.8 Fighting
 + Level 0.4 Short Blades
 + Level 0.6 Polearms
 * Level 3.7 Dodging
 * Level 5.1 Stealth
 + Level 0.1 Unarmed Combat
 * Level 5.4 Spellcasting
 * Level 4.1 Conjurations
 + Level 0.5 Hexes
 * Level 6.0 Fire Magic


You had 7 spell levels left.
You knew the following spells:

 Your Spells              Type           Power      Damage    Failure   Level
a - Foxfire               Conj/Fire      96%        2x1d8     1%          1
b - Scorch                Fire           54%        2d7       1%          2
c - Inner Flame           Hex/Fire       17%        N/A       10%         3
d - Flame Wave            Conj/Fire      24%        2d8       14%         4

Your spell library contained the following spells:

 Spells                   Type           Power      Damage    Failure   Level
 Volatile Blastmotes      Fire/Tloc      32%        2d12      11%         3


Dungeon Overview and Level Annotations

Branches:
Dungeon (6/15)
 Temple: D:4-7

Altars:
Ashenzari
Kikubaaqudgha
Okawaru
Sif Muna
Vehumet
Wu Jian
Zin

Shops:
D:1 (

Annotations:
D:6 Jeremiah


Innate Abilities, Weirdness & Mutations

You cannot wear most types of armour.
You are amphibious.
You can wear up to eight rings at the same time.
Your skin changes colour to match your surroundings (Stealth+).
Your rubbery body absorbs attacks. (AC +1, EV +1)
((You are camouflaged when in or above water. (Stealth+)))
You have tentacles for arms and can constrict up to eight enemies at once.


Message History

Confirm with . or Enter, or press ? or * to list all spells.
Flames lash Jeremiah.
Jeremiah is lightly wounded.
Jeremiah's fire resistance burns away.
Unknown command.
Unknown command.
Casting: Scorch (safe; 1% risk of failure)
Confirm with . or Enter, or press ? or * to list all spells.
Flames lash Jeremiah.
Jeremiah is burned terribly!
Jeremiah is moderately wounded.
Jeremiah asks you, "Would you mind waking me up?
Thanks muchly."
Jeremiah barely misses you.
Unknown command.
Unknown command.
Casting: Scorch (safe; 1% risk of failure)
Confirm with . or Enter, or press ? or * to list all spells.
Flames lash the butterfly.
You kill the butterfly!
The butterfly disappears in a burst of colours!
Jeremiah hits you from afar with a +3 trident of draining!
You feel drained.
Casting: Scorch (safe; 1% risk of failure)
Confirm with . or Enter, or press ? or * to list all spells.
Flames lash the butterfly.
You kill the butterfly!
The butterfly disappears in a burst of colours!
Jeremiah hits you from afar with a +3 trident of draining!
You feel drained.
* * * LOW HITPOINT WARNING * * *
Casting: Scorch (safe; 1% risk of failure)
Confirm with . or Enter, or press ? or * to list all spells.
Aiming: Inner Flame (dangerous; 10% risk of failure)
Press: ? - help, Dir - move target, f/p - Jeremiah
Aim: Jeremiah, wielding a +3 trident of draining, wearing a +0 robe and wearing an orb of mayhem (moderately wounded, more vulnerable to fire, chance to affect: 54%)
You miscast Inner Flame.
You are very lightly contaminated with residual magic.
Nothing appears to happen.
Jeremiah hits you from afar with a +3 trident of draining!
You die...
Jeremiah asks, "Is it over?
Can I wake up now?"

#########
######
#.......#
#....)
#.#####.#
#.#### #.#
#.# #.# #
#.## #.#
#.# #
#.#.##
#.#######(#
..###@#
#.........#
#.## #b##
###########
# #F# ##


You could see Jeremiah (combustible).

Vanquished Creatures
  Grinder (D:4)
  Eustachio (D:4)
  A black bear (D:5)
  An ogre (D:5)
  6 scorpions
  An electric eel (D:6)
  2 jellies (D:4)
  2 orc priests
  A gnoll bouda (D:6)
  2 hounds
  2 iguanas
  7 adders
  7 gnolls
  A shadow imp (D:5)
  2 white imps (D:5)
  2 ufetubi (D:5)
  2 dart slugs
  2 ribbon worms
  9 orcs
  7 endoplasms
  A giant cockroach (D:2)
  12 hobgoblins
  5 kobolds
  2 quokkas
  7 ball pythons
  6 bats
  4 frilled lizards
  9 goblins
  5 rats
110 creatures vanquished.

Vanquished Creatures (others)
  300 foxfires
300 creatures vanquished.

Grand Total: 410 creatures vanquished

Notes
Turn   | Place    | Note
-------+----------+-------------------------------------------
     0 | D:1      | PriceMaster the Octopode Fire Elementalist began the quest
                  | for the Orb.
     0 | D:1      | Reached XP level 1. HP: 11/11 MP: 3/3
   127 | D:1      | Reached XP level 2. HP: 17/17 MP: 0/5
   175 | D:1      | Found Aptiant's Weapon Shoppe.
  1438 | D:2      | Found a radiant altar of Vehumet.
  1470 | D:2      | Reached XP level 3. HP: 21/21 MP: 3/6
  1665 | D:2      | Learned a level 2 spell: Scorch
  1774 | D:2      | Reached XP level 4. HP: 27/27 MP: 0/8
  2002 | D:2      | You fall into a shaft and drop 1 floor!
  2539 | D:3      | Reached skill level 4 in Fire Magic
  2539 | D:3      | Reached XP level 5. HP: 31/31 MP: 0/9
  3341 | D:3      | Found a faded altar of an unknown god.
  3355 | D:3      | Prayed at the altar of an unknown god.
  3355 | D:3      | Became a worshipper of Sif Muna the Loreminder
  3355 | D:3      | Reached * piety under Sif Muna
  3381 | D:4      | Learned a level 3 spell: Inner Flame
  3383 | D:4      | Noticed Eustachio
  3389 | D:4      | Killed Eustachio
  3390 | D:4      | Reached skill level 1 in Fighting
  3390 | D:4      | Reached XP level 6. HP: 33/38 MP: 1/11
  3779 | D:4      | Noticed Grinder
  3785 | D:4      | Killed Grinder
  3786 | D:4      | Reached XP level 7. HP: 44/44 MP: 0/13
  4158 | D:4      | Reached skill level 5 in Fire Magic
  4694 | D:4      | Found an iron altar of Okawaru.
  4785 | D:4      | Found an ancient bone altar of Kikubaaqudgha.
  4925 | D:4      | Learned a level 4 spell: Flame Wave
  4950 | D:5      | Entered Level 5 of the Dungeon
  5153 | D:5      | Found an ornate altar of the Wu Jian Council.
  5270 | D:5      | Reached XP level 8. HP: 50/50 MP: 7/14
  5563 | D:5      | Reached ** piety under Sif Muna
  5785 | D:5      | Reached skill level 5 in Stealth
  5785 | D:5      | Reached skill level 5 in Spellcasting
  6328 | D:6      | Found a glowing silver altar of Zin.
  6336 | D:6      | Found a broken altar of Ashenzari.
  6409 | D:6      | Reached skill level 6 in Fire Magic
  6496 | D:6      | Noticed Jeremiah
  6503 | D:6      | Slain by Jeremiah

Illustrated notes

Levels and vault maps discovered:
D:1:      dpeg_arrival_round_b, layout_basic, serial_shops, shop_statue
D:2:      cheibrodos_pilgrimage, layout_basic, basic_altar,
          minmay_misc_feat_more_columns
D:3:      layout_basic, hellmonk_ecumenical_altar_inner_sanctum,
          serial_park_tiny_2, st_stairs_4, grunt_decor_mini_mirrors,
          dreamdust_mushroom_princess
D:4:      old_forge, layout_loops_corners, mainiacjoe_overflow_catwalk_spiral,
          uniq_grinder, uniq_eustachio
D:5:      minmay_diamond_boxcup, layout_gridville,
          pdpol_wu_jian_five_deadly_venoms
D:6:      layout_loops_ring, nicolae_overflow_squiral, uniq_jeremiah

Skill      XL: |  1  2  3  4  5  6  7  8 |
---------------+-------------------------+-----
Stealth        | 3 4 5 |  5.1
Conjurations   | 2 3 4 |  4.1
Fire Magic     | 4 5 6 |  6.0
Spellcasting   | 3 4 5 |  5.4
Fighting       | 1 2 |  2.8
Dodging        | 3 |  3.7
Short Blades   | |  0.4
Polearms       | |  0.6
Unarmed Combat | |  0.1
Hexes          | |  0.5

Action                     |  1- 3 |  4- 6 |  7- 9 || total
---------------------------+-------+-------+-------++-------
  Melee: Unarmed           |    15 |     9 |       ||    24
         Constrict         |     6 |     4 |     6 ||    16
         Tentacles         |     7 |     3 |     2 ||    12
         Spear             |       |     6 |       ||     6
         Dagger            |       |     1 |    19 ||    20
   Cast: Foxfire           |    70 |    51 |    74 ||   195
         Scorch            |     1 |     9 |    31 ||    41
         Inner Flame       |       |     5 |     7 ||    12
         Flame Wave        |       |       |     2 ||     2
    Use: Potion            |       |       |     3 ||     3
   Stab: Sleeping          |       |     2 |       ||     2
 Armour: Skin              |     8 |     5 |    27 ||    40
  Dodge: Dodged            |    13 |    14 |    29 ||    56
